 Dungeon Crawl Stone Soup version 0.21.1-1-g345015fe64 (webtiles) character file.

499 Kejsarherre the Bolt Thrower (level 7, -9/81 HPs)
             Began as a Formicid Hunter on May 11, 2018.
             Mangled by an ogre
             ... wielding a +0 giant club
              (11 damage)
             ... on level 5 of the Dungeon.
             The game lasted 00:07:10 (3321 turns).

Kejsarherre the Bolt Thrower (Formicid Hunter)      Turns: 3321, Time: 00:07:10

Health: -9/81      AC: 23    Str: 27    XL:     7   Next: 39%
Magic:  7/7        EV: -1    Int: 11    God:
Gold:   116        SH:  0    Dex: 17    Spells: 6/6 levels left

rFire    . . .     SeeInvis .   b - +0 short sword
rCold    . . .     Gourm    .   (no shield)
rNeg     + + +     Faith    .   (armour currently unavailable)
rPois    +         Spirit   .   (helmet unavailable)
rElec    .         Reflect  .   (cloak currently unavailable)
rCorr    .         Harm     .   (gloves currently unavailable)
MR       .....                  (boots currently unavailable)
Stlth    +++.......             (no amulet)
HPRegen  0.23/turn              e - +6 ring of strength
MPRegen  0.10/turn              l - +4 ring of strength

@: agile, tree-form, constricted
A: permanent stasis, dig shafts and tunnels, four strong arms
a: no special abilities


You were on level 5 of the Dungeon.
You were hungry.
You were a tree.
You visited 1 branch of the dungeon, and saw 6 of its levels.

You collected 116 gold pieces.

Inventory:

Hand Weapons
 a - a +1 hand crossbow
 b - a +0 short sword (weapon)
Missiles
 d - 12 bolts
Armour
 c - a +2 pair of gloves (melded)
 q - a +0 ring mail (melded)
Jewellery
 e - a +6 ring of strength (left branch)
 k - an uncursed ring of protection from fire
 l - a +4 ring of strength (right branch)
Wands
 r - a wand of random effects (19)
 u - a wand of enslavement (6)
Scrolls
 m - a scroll of blinking {unknown}
 w - a scroll of remove curse
Potions
 h - a potion of ambrosia
 i - 2 potions of magic
 j - a potion of brilliance {unknown}
 n - a potion of berserk rage {unknown}
 o - a potion of degeneration {unknown}
 p - a potion of heal wounds {unknown}
 s - 3 potions of curing {unknown}
 t - a potion of agility
 v - a potion of resistance {unknown}
Comestibles
 f - 3 rations


   Skills:
 + Level 4.0 Fighting
 * Level 6.2 Crossbows
 + Level 3.1 Armour
 + Level 3.3 Dodging
 - Level 1.2 Stealth


You had 6 spell levels left.
You didn't know any spells.

Dungeon Overview and Level Annotations

Branches:
Dungeon (6/15)
 Temple: D:4-7

Altars:

Annotations:
D:4 1 runed door, Mrkan's ghost, amateur MiFi


Innate Abilities, Weirdness & Mutations

You cannot be hasted, slowed, berserked, paralysed or teleported.
You can dig through walls and to a lower floor.
Your four strong arms can wield two-handed weapons with a shield.
((You have a pair of large antennae on your head. (SInv)))


Message History

The ball python bites you but does no damage.
The ball python constricts you. The gnoll hits you.
* * * LOW HITPOINT WARNING * * *
Unknown command.
Unknown command.
You barely miss the ogre.
The ogre is moderately wounded.
The ball python bites you but does no damage.
The ball python constricts you. The ogre hits you with a giant club!
* * * LOW HITPOINT WARNING * * *
The gnoll hits you but does no damage.
Unknown command.
Unknown command.
It was a potion of agility.
You feel agile all of a sudden.
The ball python bites you but does no damage.
* * * LOW HITPOINT WARNING * * *
The ball python constricts you. The gnoll hits you but does no damage.
The ogre hits you with a giant club!
You die...

### #....#
#.. #....#
#...#....#
#...#....#
#...'....#
#....#
#s...#
#gS..#
#♣O..#
#....#
#....#
..!..#
.##### ..
.. ...


You could see an ogre, a gnoll, a giant cockroach and a ball python.

Vanquished Creatures
  Sigmund (D:3)
  2 orc wizards (D:4)
  Natasha (thrice) (D:2)
  A worker ant (D:4)
  Robin (D:3)
  9 adders
  An ooze (D:4)
  An adder skeleton (D:4)
  3 worms
  3 dart slugs
  2 leopard geckos (D:2)
  4 orcs
  5 bats
  2 giant cockroaches (D:2)
  8 hobgoblins
  5 jackals
  7 kobolds
  A quokka (D:2)
  4 ball pythons
  2 frilled lizards
  14 goblins
  5 rats
84 creatures vanquished.

Notes
Turn   | Place    | Note
-------+----------+-------------------------------------------
     0 | D:1      | Kejsarherre the Formicid Hunter began the quest for the Orb.
     0 | D:1      | Reached XP level 1. HP: 16/16 MP: 1/1
   180 | D:1      | Reached XP level 2. HP: 22/22 MP: 2/2
   537 | D:2      | Reached XP level 3. HP: 27/28 MP: 3/3
   709 | D:2      | Reached skill level 1 in Armour
   909 | D:2      | Noticed Natasha
   934 | D:2      | Killed Natasha
   934 | D:2      | Reached XP level 4. HP: 23/34 MP: 4/4
   950 | D:2      | Noticed Natasha
   958 | D:2      | Killed Natasha
   958 | D:2      | Reached XP level 5. HP: 22/41 MP: 5/5
  1046 | D:2      | Noticed Natasha
  1050 | D:2      | Killed Natasha
  1050 | D:2      | Reached skill level 5 in Crossbows
  1743 | D:3      | Noticed Robin
  1749 | D:3      | Killed Robin
  1749 | D:3      | Reached XP level 6. HP: 41/47 MP: 6/6
  2231 | D:3      | Noticed Sigmund
  2244 | D:3      | Killed Sigmund
  2244 | D:3      | Reached XP level 7. HP: 33/53 MP: 7/7
  2426 | D:4      | Reached skill level 6 in Crossbows
  3151 | D:4      | Found a runed door.
  3255 | D:4      | Noticed Mrkan's ghost (amateur MiFi)
  3284 | D:5      | Entered Level 5 of the Dungeon
  3320 | D:5      | HP: 3/81 [ogre/giant club (10)]
  3321 | D:5      | Mangled by an ogre

Skill      XL: |  1  2  3  4  5  6  7 |
---------------+----------------------+-----
Dodging        | 2 3 |  3.3
Armour         | 1 2 3 |  3.1
Fighting       | 3 4 |  4.0
Crossbows      | 5 6 |  6.2
Stealth        | |  1.2

Action                   |  1- 3 |  4- 6 |  7- 9 || total
-------------------------+-------+-------+-------++-------
Melee: Short sword       |    73 |   170 |    90 ||   333
 Fire: Hand crossbow     |    24 |    24 |    13 ||    61
Evoke: Wand              |       |       |     1 ||     1
  Use: Scroll            |       |     7 |     1 ||     8
       Potion            |       |       |     2 ||     2
 Stab: Sleeping          |     2 |       |       ||     2
  Eat: Chunk             |       |     3 |     1 ||     4
       Ration            |       |       |     1 ||     1
Armor: Leather armour    |    30 |     8 |       ||    38
       Ring mail         |       |    81 |    32 ||   113
       Skin              |       |       |    13 ||    13
Dodge: Dodged            |    64 |   151 |    78 ||   293
